 Dungeon Crawl Stone Soup version 0.31-a0-1068-g5939ac1fb6 (webtiles) character file.

Game seed: 699657809964679187

217416 Flugkiller the Reanimator (level 18, -5/141 HPs)
             Began as a Mummy Wanderer on Nov 24, 2023.
             Was the Champion of Nemelex Xobeh.
             Slain by a wolf spider (6 damage)
             ... led by a torpor snail
             ... on level 4 of the Spider Nest on Nov 25, 2023.
             The game lasted 01:30:37 (40080 turns).

Flugkiller the Reanimator (Mummy Wanderer)         Turns: 40080, Time: 01:30:38

Health: -5/141     AC: 17    Str: 11 (13) XL:     18   Next: 38%
Magic:  23/36      EV: 14    Int: 19 (22) God:    Nemelex Xobeh [******]
Gold:   1845       SH:  0    Dex: 20 (21) Spells: 22/46 levels left

rFire   . . .        a - +5 scimitar (freeze)
rCold   + . .        (no shield)
rNeg    + + +        O - +3 leather armour {rF+}
rPois   ∞            l - +2 helmet
rElec   .            h - +2 cloak
rCorr   .            C - +2 pair of gloves
SInv    .            N - +1 pair of boots
Will    ++...        w - amulet of regeneration
Stlth   ++           G - +6 ring of dexterity
HPRegen 1.23/turn    u - ring of Veir {Fly EV+5 Int+2 Dex+2}
MPRegen 0.25/turn

%: faith
@: about to teleport, animating dead, flying, held
A: cold resistance 1, negative energy resistance 3, torment resistance 2, heat
vulnerability 1, in touch with death 2, no potions, faith
}: 1/15 runes: decaying
a: Renounce Religion, Draw Escape, Draw Destruction, Draw Summoning, Triple
Draw, Deal Four, Stack Five


You were on level 4 of the Spider Nest.
You worshipped Nemelex Xobeh.
Nemelex Xobeh was exalted by your worship.
You visited 5 branches of the dungeon, and saw 30 of its levels.
You also visited: Ossuary.

You collected 2342 gold pieces.
You spent 497 gold pieces at shops.

Inventory:

Hand Weapons
 a - a +5 scimitar of freezing (weapon)
   (You took it off a wight on level 6 of the Dungeon)
 W - a +0 double sword of flaming
   (You took it off Donald on level 2 of the Spider Nest)
Missiles
 c - 2 atropa-tipped darts
 g - 5 curare-tipped darts (quivered)
 v - 40 poisoned darts
 E - 2 throwing nets
Armour
 h - a +2 cloak (worn)
   (You found it on level 3 of the Dungeon)
 l - a +2 helmet (worn)
   (You found it on level 3 of the Dungeon)
 C - a +2 pair of gloves (worn)
   (You found it on level 4 of the Swamp)
 N - a +1 pair of boots (worn)
   (You found it on level 2 of the Lair of Beasts)
 O - a +3 leather armour of fire resistance (worn)
   (You took it off Joseph on level 7 of the Dungeon)
 V - a scarf of resistance
   (You found it on level 1 of the Spider Nest)
Magical Staves
 b - the staff "Foklor" {Fly Int+2 Dex-3 Earth}
   (You acquired it on level 2 of the Swamp)

   [staff of earth]

   Base accuracy: +5 Base damage: 5 Base attack delay: 1.2 This weapon's minimum
   attack delay (0.6) is reached at skill level 12.
   Int+2:     It affects your intelligence (+2).
   Dex-3:     It affects your dexterity (-3).
   Fly:       It grants you flight.
   Earth:     It increases the power of your Earth spells.
   It falls into the 'Staves' category.
   It is a one-handed weapon.
Jewellery
 f - a ring of protection from fire
   (You found it on level 3 of the Spider Nest)
 n - a +6 ring of intelligence
   (You found it on level 13 of the Dungeon)
 o - a ring of wizardry
   (You found it on level 4 of the Dungeon)
 p - a ring of protection from fire
   (You found it on level 4 of the Lair of Beasts)
 s - a ring of ice
   (You found it on level 4 of the Dungeon)
 u - the ring of Veir (right hand) {Fly EV+5 Int+2 Dex+2}
   (You found it on level 5 of the Dungeon)

   [ring of evasion]

   EV+5:      It affects your evasion (+5).
   Int+2:     It affects your intelligence (+2).
   Dex+2:     It affects your dexterity (+2).
   Fly:       It grants you flight.
 w - an amulet of regeneration (around neck)
   (You found it on level 6 of the Dungeon)
 G - a +6 ring of dexterity (left hand)
   (You took it off an orc on level 9 of the Dungeon)
 U - a +6 ring of intelligence
   (You found it on level 5 of the Lair of Beasts)
Wands
 q - a wand of flame (46)
   (You took it off Natasha on level 4 of the Dungeon)
 y - a wand of paralysis (30)
   (You found it on level 7 of the Dungeon)
 A - a wand of light (9)
   (You found it on level 7 of the Dungeon)
 F - a wand of polymorph (20)
   (You took it off Maurice on level 8 of the Dungeon)
 H - a wand of roots (7)
   (You took it off an orc warrior on level 9 of the Dungeon)
 I - a wand of mindburst (13)
   (You found it on level 9 of the Dungeon)
 P - a wand of digging (5)
   (You found it on level 2 of the Lair of Beasts)
Scrolls
 d - 5 scrolls of fog
 i - 3 scrolls of amnesia
 j - 3 scrolls of revelation
 k - 9 scrolls of poison
 t - 6 scrolls of teleportation
 x - a scroll of torment
 z - 5 scrolls of blinking
 B - 3 scrolls of enchant weapon
 D - a scroll of summoning
 M - a scroll of brand weapon
 Q - 2 scrolls of silence
 R - 2 scrolls of fear
 S - 5 scrolls of immolation
 T - 2 scrolls of vulnerability


   Skills:
 - Level 12.4 Fighting
 - Level 10.4 Long Blades
 - Level 1.5 Throwing
 - Level 1.0 Armour
 - Level 10.0 Dodging
 - Level 1.0 Stealth
 + Level 14.7 Spellcasting
 - Level 5.0 Conjurations
 + Level 14.7 Necromancy
 + Level 3.8 Ice Magic
 - Level 12.0 Earth Magic
 - Level 12.3 Invocations


You had 22 spell levels left.
You knew the following spells:

 Your Spells              Type           Power      Damage    Failure   Level
a - Sandblast             Erth           100%       2d20      1%          1
b - Stone Arrow           Conj/Erth      92%        3d12      1%          3
c - Lee's Rapid Deconstr  Erth           28%        3d15*     1%          5
d - Borgnjor's Vile Clut  Necr/Erth      49%        N/A       1%          5
e - Animate Dead          Necr           100%       N/A       1%          4
f - Death Channel         Necr           51%        N/A       2%          6

Your spell library contained the following spells:

 Spells                   Type           Power      Damage    Failure   Level
 Freeze                   Ice            100%       1d10      1%          1
 Magic Dart               Conj           100%       1d8       1%          1
 Foxfire                  Conj/Fire      92%        2x1d8     2%          1
 Frozen Ramparts          Ice            56%        1d9       3%          3
 Hailstorm                Conj/Ice       30%        3d8       3%          3
 Anguish                  Hex/Necr       38%        N/A       3%          4
 Ensorcelled Hibernation  Hex/Ice        42%        N/A       4%          2
 Animate Armour           Summ/Erth      72%        N/A       4%          4
 Apportation              Tloc           26%        N/A       6%          1
 Sting                    Tmut/Pois      52%        1d5       6%          1
 Blink                    Tloc           26%        N/A       9%          2
 Call Imp                 Summ           26%        N/A       9%          2
 Jinxbite                 Hex            26%        N/A       9%          2
 Poisonous Vapours        Pois/Air       26%        N/A       9%          2
 Mephitic Cloud           Conj/Pois/Air  20%        N/A       9%          3
 Simulacrum               Ice/Necr       42%        N/A       21%         6
 Summon Ice Beast         Ice/Summ       21%        N/A       26%         4
 Freezing Cloud           Conj/Ice/Air   12%        6-21      45%         5
 Cause Fear               Hex            6%         N/A       52%         4
 Manifold Assault         Tloc           13%        N/A       52%         4
 Olgreb's Toxic Radiance  Pois           13%        N/A       52%         4
 Summon Lightning Spire   Summ/Air       13%        N/A       52%         4
 Vhi's Electric Charge    Tloc/Air       26%        N/A       52%         4
 Arcjolt                  Conj/Air       11%        1d21      52%         5
 Fireball                 Conj/Fire      11%        3d7       52%         5
 Irradiate                Conj/Tmut      11%        3d15      52%         5
 Alistair's Intoxication  Tmut/Pois      8%         N/A       86%         5
 Starburst                Conj/Fire      11%        6d5       97%         6
 Dispersal                Tloc           6%         N/A       100%        6
 Plasma Beam              Fire/Air       6%         2x1d17    100%        6
 Summon Hydra             Summ           6%         N/A       100%        7
 Disjunction              Tloc           6%         N/A       100%        8
 Dragon's Call            Summ           6%         N/A       100%        9
 Sublimation of Blood     Necr           Unusable   N/A       N/A         2
 Wereblood                Tmut           Unusable   N/A       N/A         2

Dungeon Overview and Level Annotations

Branches:
Dungeon (15/15) Zot: 25503  Temple (0/1) D:5            Lair (5/5) D:9 Zot: 20988
  Swamp (4/4) Lair:3 Zot: 18662  Spider (4/4) Lair:3 Zot: 20344   Slime (0/5) Lair:4
    Orc (2/2) D:10 Zot: 10783     Elf (0/3) Orc:2        Vaults (0/5) D:13
 Depths (0/4) D:15        Ossuary (visited)

Altars:
Ashenzari
Cheibriados
Dithmenos
Fedhas
Gozag
Makhleb
Nemelex Xobeh
Okawaru
Sif Muna
Uskayaw
Vehumet
Wu Jian
Xom
Yredelemnul
Jiyva

Shops:
D:3 *   D:7 *   D:9 *   D:12 ?   Orc:2 (:?*?

Annotations:
D:2 Terence
Lair:5 2 transporters, heinrich's ghost, adept DjFE
Orc:2 3 runed translucent doors, Mll's ghost, journeyman HOBe


Innate Abilities, Weirdness & Mutations

You are immune to poison.
Your flesh is cold resistant. (rC+)
You are immune to negative energy. (rN+++)
You are immune to unholy pain and torment.
You are vulnerable to heat. (rF-)
You are strongly in touch with the powers of death.
You do not drink.
You have a special connection with the divine. (Faith)


Message History

The torpor snail is heavily wounded.
The zombie hands constrict the torpor snail!
The jumping spider barely misses your meliai zombie.
The jumping spider bites your meliai zombie!
The wolf spider hits you. The wolf spider closely misses you.
The jumping spider pounces on your meliai zombie.
The jumping spider bites your meliai zombie.
Your meliai zombie closely misses the jumping spider.
Your meliai zombie hits the jumping spider but does no damage.
The torpor snail barely misses you.
The jumping spider pounces on your meliai zombie!!
The jumping spider barely misses your meliai zombie.
The wolf spider completely misses you. x2
The pharaoh ant bites your meliai zombie.
The jumping spider pounces on your wolf spider zombie!
Your wolf spider zombie is caught in a web!
The jumping spider bites your wolf spider zombie!
Your moth of wrath zombie bites the torpor snail.
Your tarantella zombie hits the torpor snail but does no damage.
Your wolf spider zombie tears the web.
Your meliai zombie barely misses the pharaoh ant.
Your meliai zombie hits the pharaoh ant.
Unknown command.
You hit the torpor snail but do no damage.
The torpor snail is heavily wounded.
The zombie hands constrict the torpor snail!!
The jumping spider pounces on your meliai zombie!
Your meliai zombie is destroyed!
The jumping spider rages.
The wolf spider hits you! The wolf spider misses you.
The moth of wrath goads the jumping spider on!
The jumping spider goes berserk!
An emperor scorpion comes into view.
The torpor snail bites you!
Your wolf spider zombie hits the jumping spider.
Your wolf spider zombie barely misses the jumping spider.
The wolf spider misses you. The wolf spider completely misses you.
Your tarantella zombie hits the torpor snail but does no damage.
The jumping spider pounces on your wolf spider zombie!
The jumping spider bites your wolf spider zombie!
The jumping spider rages.
You catch the helpless torpor snail completely off-guard!
You hit the torpor snail but do no damage.
The torpor snail is almost dead.
The zombie hands constrict the torpor snail!
You kill the torpor snail!
Your wolf spider zombie is no longer moving slowly. x2
Your tarantella zombie is no longer moving slowly.
Your moth of wrath zombie is no longer moving slowly.
The dead are slithering!
The jumping spider barely misses your wolf spider zombie.
The jumping spider closely misses your wolf spider zombie.
The pharaoh ant bites your moth of wrath zombie!
The moth of wrath goads the wolf spider on!
The wolf spider goes berserk!
You hear a splashing noise.
The wolf spider closely misses you.
The wolf spider bites you but does no damage.
The jumping spider pounces on your wolf spider zombie!
Your wolf spider zombie is caught in a web!
The jumping spider bites your wolf spider zombie!
Your moth of wrath zombie bites the pharaoh ant.
The jumping spider completely misses you.
The jumping spider misses you.
The pharaoh ant bites your moth of wrath zombie.
Your wolf spider zombie struggles to get unstuck from the web.
Your tarantella zombie closely misses the jumping spider.
Something bites your torpor snail zombie!!
The wolf spider hits you!! The wolf spider bites you.
Unknown command.
As you read the scroll of teleportation, it crumbles to dust.
You feel strangely unstable.
You feel yourself speed up.
The jumping spider pounces on your wolf spider zombie!
The jumping spider bites your wolf spider zombie!
The jumping spider closely misses you. x2
The wolf spider completely misses you. The wolf spider closely misses you.
The jumping spider pounces on your wolf spider zombie!
Your wolf spider zombie is destroyed!
The jumping spider completely misses you.
The jumping spider bites you but does no damage.
The wolf spider hits you!!
* * * LOW HITPOINT WARNING * * *
The wolf spider bites you!
* * * LOW HITPOINT WARNING * * *
Your wolf spider zombie hits the jumping spider.
Your wolf spider zombie barely misses the jumping spider.
Your moth of wrath zombie bites the pharaoh ant.
Something bites your torpor snail zombie.
Your tarantella zombie hits the pharaoh ant!
The jumping spider pounces on you!!
* * * LOW HITPOINT WARNING * * *
You are caught in a web!
The jumping spider bites you!
* * * LOW HITPOINT WARNING * * *
The moth of wrath bites your moth of wrath zombie!
Your wolf spider zombie hits the jumping spider.
Your wolf spider zombie bites the jumping spider but does no damage.
The wolf spider hits you.
You die...
Your body disappears without a glow.

...# .. ....# ...
#.##....##
#..#..#....~##~
###..#.#....~~~~~
......#..#..~~~~
#.....#..~~#
###....#...Z## ###
#.####..#...s###.#
#..#......yBs@...#
#..##.##^ssZZ8.8.# #
##...#.....Z.....# #.
#........###.....#
#..###..#.#.#.#.8.8.#
...#....#.#.........#
.#.^.#..^#..###^....#
..^.^...^#..^ #.8.8.#
..###..#.#..###.....#


You could see an emperor scorpion, a wolf spider (berserk), a moth of wrath, a
pharaoh ant (distracted, ally target), 2 jumping spiders, a friendly wolf spider
zombie, a friendly tarantella zombie, a friendly moth of wrath zombie and a
friendly torpor snail zombie.

Vanquished Creatures
  Bai Suzhen (Spider:3)
  A thorn hunter (Swamp:4)
  Donald (Spider:2)
  2 ghost moths
  2 ghouls (Swamp:4)
  A broodmother (Spider:2)
  A spark wasp (Spider:4)
  2 eleionomae
  4 bunyips
  A dire elephant (D:15)
  3 shambling mangroves (Swamp:4)
  An entropy weaver (Spider:3)
  A great orb of eyes (Swamp:4)
  Fannar (D:10)
  7 vault guards (D:13)
  A radroach (Spider:1)
  10 hydras
  4 ogre magi (Orc:2)
  4 boulder beetles
  3 centaur warriors (D:13)
  A ghost crab (Swamp:2)
  A jorogumo (Spider:3)
  4 alligators
  17 two-headed ogres
  3 catoblepae (Lair:5)
  3 tengu warriors
  2 demonic crawlers (Spider:1)
  10 death yaks
  Sonja (Orc:2)
  6 spriggans
  2 skysharks (Lair:3)
  4 pharaoh ants
  2 orb spiders
  2 goliath frogs
  3 spriggan druids
  2 bog bodies
  An arcanist (D:14)
  2 swamp dragons (Swamp:4)
  A lindwurm (Lair:5)
  3 spectral hydras (Swamp:4)
  Pikel (D:7)
  6 steelbarb worms
  3 orc knights
  2 deep elf pyromancers
  3 orc sorcerers (Orc:2)
  A goliath frog zombie (Swamp:2)
  4 cyclopes
  8 wolf spiders
  7 manticores
  2 will-o-the-wisps
  3 oklob plants (Swamp:4)
  A salamander (D:15)
  An ugly thing (D:13)
  2 moths of wrath (Spider:4)
  2 black mambas
  A moth of wrath (shapeshifter) (D:10)
  12 elephants
  Maurice (D:8)
  Joseph (D:7)
  A torpor snail (Spider:4)
  13 cane toads
  A gargoyle (D:12)
  A redback zombie (Spider:1)
  2 rime drakes
  A rime drake (shapeshifter) (D:14)
  A kobold demonologist (D:11)
  An unseen horror (D:10)
  2 freezing wraiths
  4 tengu conjurers
  12 komodo dragons
  3 hydra zombies (Swamp:4)
  10 trolls
  5 death drake zombies (Swamp:4)
  2 polar bears
  12 meliai
  10 tarantellas
  12 hornets
  6 tyrant leeches
  A hornet (shapeshifter) (D:14)
  9 blink frogs
  A tarantella zombie (Spider:4)
  A jumping spider zombie (Spider:1)
  10 dream sheep
  8 culicivoras
  A shadow (D:9)
  8 slime creatures
  10 jumping spiders
  7 wraiths
  4 humans
  4 wyverns
  A vampire (D:8)
  52 yaks
  12 redbacks
  5 basilisks
  10 vampire mosquitoes
  Menkaure (D:6)
  3 steam dragons
  A tyrant leech zombie (Swamp:4)
  4 wargs
  7 swamp worms
  2 acid dragons
  17 water moccasins
  3 hydra simulacra (Swamp:4)
  4 swamp drakes (Swamp:4)
  An ice beast (D:6)
  21 orc warriors
  A hornet zombie (Swamp:2)
  2 black bears
  2 swamp dragon skeletons (Swamp:4)
  A swamp dragon zombie (Swamp:4)
  16 ogres (Orc:2)
  A phantom (D:7)
  16 wolves
  5 centaurs
  3 boggarts (D:15)
  A lemure (D:7)
  3 elf zombies (Ossuary)
  A kobold brigand (D:8)
  7 bullfrogs
  A necrophage (Swamp:4)
  3 gnoll sergeants
  3 scorpions
  13 wights
  A killer bee (D:9)
  A spriggan zombie (Swamp:2)
  2 electric eels (Lair:2)
  3 howler monkeys
  2 gnoll boudas
  3 hounds
  A human zombie (Ossuary)
  12 orc priests
  4 jellies
  Natasha (thrice) (D:4)
  7 iguanas
  12 orc wizards
  4 hell rats (Lair:1)
  A boggart simulacrum (D:15)
  2 mummies (Ossuary)
  17 gnolls
  7 adders
  2 ufetubi (D:5)
  4 adder zombies (Ossuary)
  2 worms
  3 dart slugs
  58 orcs
  3 bats
  9 endoplasms
  2 giant cockroaches
  5 hobgoblins
  2 jackals (D:4)
  4 quokkas
  5 ball pythons
  2 frilled lizards (D:1)
  10 goblins
  2 goblin zombies (Ossuary)
  5 hobgoblin zombies (Ossuary)
  A jackal zombie (Ossuary)
  11 kobolds
  17 kobold zombies (Ossuary)
  4 orc zombies (Ossuary)
  6 rats
807 creatures vanquished.

Vanquished Creatures (collateral kills)
  Arachne (Spider:3)
  Mlioglotl (Swamp:4)
  Rupert (Lair:4)
  Agnes (Spider:3)
  Aizul (Swamp:3)
  Kirke (Swamp:3)
  2 ghouls (Swamp:4)
  2 broodmothers
  2 spark wasps
  6 bunyips
  3 eleionomae
  A minotaur (D:8)
  3 entropy weavers
  2 alligators
  5 hydras
  3 ghost crabs
  2 jorogumos
  5 death yaks (Lair:3)
  2 boulder beetles
  5 two-headed ogres (Orc:2)
  6 demonic crawlers
  7 spriggans
  6 pharaoh ants
  A goliath frog (Swamp:4)
  6 orb spiders
  A sun moth (Spider:3)
  A bog body (Swamp:2)
  2 steelbarb worms (Spider:3)
  An orc sorcerer (Orc:2)
  13 wolf spiders
  A moth of wrath (Spider:3)
  3 will-o-the-wisps
  A black mamba (Lair:1)
  2 torpor snails
  A spectral redback (Spider:4)
  A freezing wraith (Swamp:4)
  A komodo dragon (Spider:1)
  A bloated husk (Swamp:1)
  A tyrant leech (Swamp:4)
  4 blink frogs (Lair:1)
  5 hornets
  17 tarantellas
  2 dream sheep (Lair:3)
  18 jumping spiders
  13 culicivoras
  A yak (D:8)
  A fire bat (Spider:1)
  27 redbacks
  2 vampire mosquitoes (Swamp:1)
  8 swamp worms
  A swamp drake (Swamp:4)
  An ice beast (Spider:1)
  7 ogres (Orc:2)
  A bullfrog (Lair:1)
  2 necrophages (Swamp:4)
  An orc (Orc:2)
216 creatures vanquished.

Vanquished Creatures (others)
  Arachne zombie (Spider:3)
  2 vault guards (D:13)
  A goliath frog (Swamp:2)
  3 bunyip zombies
  A spark wasp zombie (Spider:1)
  A goliath frog zombie (Swamp:4)
  8 wolf spider zombies
  A jorogumo zombie (Spider:3)
  A swamp worm zombie (Swamp:4)
  11 redback zombies
  2 orb spider zombies (Spider:3)
  A steelbarb worm zombie (Spider:3)
  4 hydra zombies
  3 bloated husks
  6 jumping spider zombies
  4 culicivora zombies
  A moth of wrath zombie (Spider:3)
  A sun moth zombie (Spider:3)
  A meliai zombie (Spider:4)
  5 tarantella zombies
  A spriggan (Swamp:2)
  3 humans (Swamp:3)
  A tyrant leech zombie (Swamp:4)
  2 two-headed ogre zombies (Orc:2)
  A fire bat zombie (Spider:1)
  A hornet zombie (Swamp:3)
  2 swamp dragon zombies (Swamp:4)
  2 ghost crab zombies
  A komodo dragon zombie (Spider:1)
  A spriggan zombie (Swamp:3)
  14 ogre zombies (Orc:2)
  2 gnolls (Orc:2)
  An orc (Orc:2)
  13 foxfires
103 creatures vanquished.

Grand Total: 1126 creatures vanquished

Notes
Turn   | Place    | Note
-------+----------+-------------------------------------------
     0 | D:1      | Flugkiller the Mummy Wanderer began the quest for the Orb.
     0 | D:1      | Flugkiller set off with the following items: a +0 dagger, 8
                  | poisoned darts, a +2 leather armour, a scroll of fog; and
                  | the following spell memorised: Sandblast; and the following
                  | spells available to memorise: Stone Arrow.
     0 | D:1      | Reached XP level 1. HP: 13/13 MP: 2/2
   430 | D:1      | Reached XP level 2. HP: 19/19 MP: 1/5
  1614 | D:2      | Reached XP level 3. HP: 24/24 MP: 3/6
  1915 | D:2      | Noticed Terence
  2399 | D:2      | Reached skill level 1 in Stealth
  2524 | D:3      | Reached XP level 4. HP: 30/30 MP: 4/7
  2585 | D:3      | Found Pumoel's General Store.
  2623 | D:3      | Bought a scroll of teleportation for 39 gold pieces
  2623 | D:3      | Bought a scroll of identify for 26 gold pieces
  2676 | D:3      | Found a sparkling altar of Nemelex Xobeh.
  2821 | D:3      | Became a worshipper of Nemelex Xobeh the Trickster
  2950 | D:3      | Found a blossoming altar of Fedhas.
  2952 | D:3      | Found a broken altar of Ashenzari.
  2959 | D:3      | Found a snail-covered altar of Cheibriados.
  2963 | D:3      | Found an opulent altar of Gozag.
  2965 | D:3      | Found a shimmering altar of Xom.
  3300 | D:3      | Reached skill level 1 in Fighting
  3300 | D:3      | Reached XP level 5. HP: 37/37 MP: 5/8
  3720 | D:4      | Learned a level 3 spell: Stone Arrow
  3791 | D:4      | Noticed Natasha
  3800 | D:4      | Killed Natasha
  4013 | D:4      | Reached XP level 6. HP: 37/43 MP: 10/10
  4034 | D:4      | Noticed Natasha
  4039 | D:4      | Killed Natasha
  4056 | D:4      | Noticed Natasha
  4062 | D:4      | Killed Natasha
  4063 | D:4      | Reached skill level 5 in Earth Magic
  4134 | D:4      | Reached * piety under Nemelex Xobeh
  4256 | D:5      | Entered Level 5 of the Dungeon
  4266 | D:5      | Identified the ring of Veir {Fly EV+5 Int+2 Dex+2}
  4282 | D:5      | Found a sand-covered staircase.
  4292 | Ossuary  | Entered an ossuary
  4564 | Ossuary  | Reached skill level 1 in Conjurations
  4564 | Ossuary  | Reached XP level 7. HP: 48/51 MP: 10/12
  4924 | D:5      | Received a gift from Nemelex Xobeh
  5102 | D:5      | Reached skill level 5 in Spellcasting
  5108 | D:5      | Reached XP level 8. HP: 58/58 MP: 11/15
  5441 | D:5      | Found a staircase to the Ecumenical Temple.
  5592 | D:6      | Noticed Menkaure
  5599 | D:6      | Killed Menkaure
  5666 | D:6      | Reached skill level 1 in Invocations
  5745 | D:6      | Reached ** piety under Nemelex Xobeh
  6131 | D:6      | Received a gift from Nemelex Xobeh
  6356 | D:6      | Reached XP level 9. HP: 66/66 MP: 18/18
  6440 | D:5      | Learned a level 5 spell: Lee's Rapid Deconstruction
  6629 | D:6      | Reached skill level 5 in Fighting
  6889 | D:7      | Reached skill level 5 in Conjurations
  6927 | D:7      | Noticed Joseph
  6932 | D:7      | Killed Joseph
  7098 | D:7      | Found Acve's General Store.
  7261 | D:7      | Noticed Pikel
  7458 | D:7      | Killed Pikel
  7745 | D:8      | Reached *** piety under Nemelex Xobeh
  7745 | D:8      | Received a gift from Nemelex Xobeh
  8003 | D:8      | Reached XP level 10. HP: 39/74 MP: 10/20
  8373 | D:8      | Noticed Jeremiah
  8379 | D:8      | Jeremiah changed into Jeremiah the minotaur
  8379 | D:8      | Noticed Jeremiah
  8395 | D:8      | Killed Jeremiah the minotaur
  8489 | D:8      | Noticed Maurice
  8593 | D:8      | Reached skill level 5 in Invocations
  8781 | D:8      | Found a burning altar of Makhleb.
  8799 | D:8      | Found a shimmering blue altar of Sif Muna.
  8802 | D:8      | Found an ornate altar of the Wu Jian Council.
  8802 | D:8      | Found a basalt altar of Yredelemnul.
  8897 | D:8      | Found a hide-covered altar of Uskayaw.
  8904 | D:8      | Killed Maurice
  9089 | D:8      | Noticed a two-headed ogre
  9097 | D:8      | Killed a two-headed ogre
  9233 | D:8      | Reached skill level 5 in Dodging
  9603 | D:9      | Found a staircase to the Lair.
  9743 | D:8      | Reached XP level 11. HP: 54/80 MP: 11/21
 10170 | D:9      | Received a gift from Nemelex Xobeh
 10177 | D:9      | Found Fucyfez's Lightly-Used Armoury.
 10210 | D:9      | Found a shadowy altar of Dithmenos.
 10349 | D:9      | Noticed a two-headed ogre
 10355 | D:9      | Killed a two-headed ogre
 10518 | D:9      | Reached **** piety under Nemelex Xobeh
 10951 | D:10     | Entered Level 10 of the Dungeon
 10999 | D:10     | Received a gift from Nemelex Xobeh
 11223 | D:10     | Noticed Josephine
 11224 | D:10     | Josephine changed into Josephine the deep troll
 11224 | D:10     | Noticed Josephine
 11781 | D:10     | Found a staircase to the Orcish Mines.
 12088 | D:10     | Noticed Fannar
 12218 | D:10     | Killed Fannar
 12349 | D:10     | Reached skill level 10 in Earth Magic
 12669 | D:10     | Josephine the deep troll changed into Josephine the
                  | snapping turtle
 12669 | D:10     | Noticed Josephine
 12670 | D:10     | Josephine the snapping turtle changed into Josephine the
                  | shapeshifter
 12670 | D:10     | Noticed Josephine
 12671 | D:10     | Josephine the shapeshifter changed into Josephine the water
                  | moccasin
 12671 | D:10     | Noticed Josephine (shapeshifter)
 12857 | D:10     | Found a staircase to the Orcish Mines.
 12909 | D:10     | Noticed Josephine
 12912 | D:10     | Killed Josephine the moth of wrath
 13403 | D:11     | Noticed a two-headed ogre
 13409 | D:11     | Killed a two-headed ogre
 13473 | D:11     | Received a gift from Nemelex Xobeh
 13487 | D:11     | Noticed a boulder beetle
 13852 | D:11     | Noticed a boulder beetle
 14163 | D:11     | Killed a boulder beetle
 14164 | D:11     | Reached skill level 10 in Spellcasting
 14164 | D:11     | Reached XP level 12. HP: 88/88 MP: 11/26
 14468 | D:11     | Noticed a two-headed ogre
 14488 | D:11     | Killed a two-headed ogre
 14626 | D:11     | Noticed a two-headed ogre
 14728 | D:11     | Killed a two-headed ogre
 14954 | D:11     | Noticed a two-headed ogre
 14960 | D:11     | Killed a two-headed ogre
 15318 | D:11     | Killed a boulder beetle
 15547 | Lair:1   | Entered Level 1 of the Lair of Beasts
 16259 | Lair:1   | Reached ***** piety under Nemelex Xobeh
 16833 | Lair:1   | Received a gift from Nemelex Xobeh
 17296 | Lair:2   | Gained mutation: You are strongly in touch with the powers
                  | of death. [Mummy growth]
 17296 | Lair:2   | Reached XP level 13. HP: 98/98 MP: 13/29
 17550 | Lair:2   | Received a gift from Nemelex Xobeh
 18220 | Lair:3   | Received a gift from Nemelex Xobeh
 18345 | Lair:3   | Reached skill level 10 in Invocations
 18736 | Lair:3   | Found a staircase to the Swamp.
 19121 | Lair:3   | Received a gift from Nemelex Xobeh
 20056 | Lair:3   | Reached skill level 10 in Fighting
 20109 | Lair:3   | Found a hole to the Spider Nest.
 20201 | Lair:3   | Identified the +2 dagger "Loheyzeb" {flame, *Corrode Str+5}
 20517 | Lair:4   | Noticed Rupert
 20566 | Lair:3   | Reached XP level 14. HP: 85/110 MP: 4/30
 20702 | Lair:4   | Found a viscous altar of Jiyva.
 20705 | Lair:4   | Killed Rupert
 20773 | Lair:4   | Reached ****** piety under Nemelex Xobeh
 20872 | Lair:4   | Received a gift from Nemelex Xobeh
 20993 | Lair:4   | Received a gift from Nemelex Xobeh
 21157 | Lair:4   | Found a staircase to the Slime Pits.
 21420 | Lair:4   | Reached skill level 10 in Dodging
 21431 | Lair:4   | Learned a level 5 spell: Borgnjor's Vile Clutch
 21721 | Lair:5   | Entered Level 5 of the Lair of Beasts
 21741 | Lair:5   | Reached skill level 1 in Necromancy
 21795 | Lair:5   | Received a gift from Nemelex Xobeh
 22007 | Lair:5   | Received a gift from Nemelex Xobeh
 22117 | Lair:5   | Found a transporter.
 22131 | Lair:5   | Noticed heinrich's ghost (adept DjFE)
 22178 | Lair:5   | Found a transporter.
 22391 | Lair:5   | Reached skill level 5 in Necromancy
 23532 | Lair:5   | Received a gift from Nemelex Xobeh
 23659 | Lair:5   | Identified the amulet of Zilu {Acrobat rPois}
 23712 | Lair:5   | Learned a level 4 spell: Animate Dead
 24273 | D:12     | Received a gift from Nemelex Xobeh
 24622 | D:12     | Received a gift from Nemelex Xobeh
 24684 | D:12     | Found Lelawin's Magic Scroll Emporium.
 24689 | D:12     | Bought a scroll of poison for 64 gold pieces
 25624 | D:13     | Received a gift from Nemelex Xobeh
 25832 | D:13     | Reached skill level 10 in Necromancy
 25874 | D:13     | Reached skill level 1 in Long Blades
 26187 | D:13     | Reached XP level 15. HP: 67/115 MP: 14/31
 26925 | D:13     | Found a gate to the Vaults.
 27057 | D:14     | Received a gift from Nemelex Xobeh
 27171 | D:14     | Received a gift from Nemelex Xobeh
 27269 | D:14     | Reached skill level 5 in Long Blades
 27549 | D:14     | Received a gift from Nemelex Xobeh
 27802 | D:15     | Entered Level 15 of the Dungeon
 27802 | D:15     | Received a gift from Nemelex Xobeh
 27916 | D:15     | Received a gift from Nemelex Xobeh
 28249 | D:15     | Found a radiant altar of Vehumet.
 28279 | D:15     | Received a gift from Nemelex Xobeh
 28641 | D:15     | Received a gift from Nemelex Xobeh
 28901 | D:15     | Found a staircase to the Depths.
 29247 | Orc:1    | Entered Level 1 of the Orcish Mines
 29493 | Orc:2    | Entered Level 2 of the Orcish Mines
 29493 | Orc:2    | Noticed Sonja
 29493 | Orc:2    | Found a staircase to the Elven Halls.
 29498 | Orc:2    | Killed Sonja
 29502 | Orc:2    | Paralysed by an orc sorcerer for 4 turns
 29701 | Orc:2    | Found a runed translucent gate.
 29701 | Orc:2    | Found a runed translucent gate.
 29701 | Orc:2    | Found an iron altar of Okawaru.
 29701 | Orc:2    | Found a runed translucent gate.
 29701 | Orc:2    | Noticed Mll's ghost (journeyman HOBe)
 29935 | Orc:2    | Found Icro's Book Shop.
 29935 | Orc:2    | Found Ahammix's Magic Scroll Shoppe.
 29940 | Orc:2    | Found Aguaqoj's Assorted Antiques.
 29940 | Orc:2    | Found Hupn's Magic Scroll Boutique.
 29981 | Orc:2    | Found Cetaytit's Antique Weapon Boutique.
 30023 | Orc:2    | Received a gift from Nemelex Xobeh
 30078 | Orc:2    | Bought a scroll of enchant weapon for 120 gold pieces
 30078 | Orc:2    | Bought a scroll of fear for 64 gold pieces
 30078 | Orc:2    | Bought a scroll of fear for 64 gold pieces
 30079 | Orc:2    | Bought a scroll of fear for 48 gold pieces
 30079 | Orc:2    | Bought a scroll of teleportation for 36 gold pieces
 30079 | Orc:2    | Bought a scroll of teleportation for 36 gold pieces
 30099 | Orc:2    | Paralysed by an orc sorcerer for 5 turns
 30432 | Orc:2    | Learned a level 6 spell: Death Channel
 30602 | Swamp:1  | Entered Level 1 of the Swamp
 31115 | Swamp:1  | Reached XP level 16. HP: 115/122 MP: 29/32
 31526 | Swamp:1  | Received a gift from Nemelex Xobeh
 31908 | Swamp:2  | Received a gift from Nemelex Xobeh
 31909 | Swamp:2  | Reached skill level 10 in Long Blades
 31995 | Swamp:2  | Identified a scroll of acquirement
 31996 | Swamp:2  | Acquired the staff "Foklor" {Fly Int+2 Dex-3 Earth}
 32461 | Swamp:3  | Received a gift from Nemelex Xobeh
 32474 | Swamp:3  | Noticed Kirke
 32482 | Swamp:3  | Killed Kirke
 32622 | Swamp:3  | Identified the serpent talisman "Giaplin" {Str+2}
 32622 | Swamp:3  | Noticed Aizul
 32628 | Swamp:3  | Killed Aizul
 32993 | Swamp:4  | Entered Level 4 of the Swamp
 33022 | Swamp:4  | Received a gift from Nemelex Xobeh
 33026 | Swamp:4  | Noticed Mlioglotl
 33034 | Swamp:4  | Killed Mlioglotl
 33365 | Swamp:4  | Received a gift from Nemelex Xobeh
 33435 | Swamp:4  | Noticed Nikola
 33436 | Swamp:4  | Nikola changed into Nikola the golden dragon
 33436 | Swamp:4  | Noticed Nikola
 33436 | Swamp:4  | Nikola the golden dragon changed into Nikola the great orb
                  | of eyes
 33436 | Swamp:4  | Noticed Nikola
 33442 | Swamp:4  | Killed Nikola the great orb of eyes
 34647 | Swamp:4  | Reached XP level 17. HP: 115/128 MP: 0/34
 35660 | Swamp:4  | Found a blossoming altar of Fedhas.
 35976 | Swamp:4  | Received a gift from Nemelex Xobeh
 35982 | Swamp:4  | Found a basalt altar of Yredelemnul.
 36262 | Swamp:4  | Got a decaying rune of Zot
 36414 | Spider:1 | Entered Level 1 of the Spider Nest
 36905 | Spider:2 | Noticed Donald
 36921 | Spider:2 | Killed Donald
 37028 | Spider:2 | Received a gift from Nemelex Xobeh
 37687 | Spider:2 | Received a gift from Nemelex Xobeh
 38251 | Spider:3 | Noticed Bai Suzhen
 38278 | Spider:3 | Killed Bai Suzhen
 38381 | Spider:3 | Reached skill level 1 in Ice Magic
 38383 | Spider:3 | Reached XP level 18. HP: 81/141 MP: 5/35
 38410 | Spider:3 | Noticed Arachne
 38430 | Spider:3 | Killed Arachne
 38439 | Spider:3 | Received a gift from Nemelex Xobeh
 38458 | Spider:3 | Your ally Arachne died
 38960 | Spider:3 | Received a gift from Nemelex Xobeh
 39429 | Spider:3 | Noticed Agnes
 39438 | Spider:3 | Killed Agnes
 39559 | Spider:4 | Entered Level 4 of the Spider Nest
 40080 | Spider:4 | HP: 1/141 [jumping spider (7)]
 40080 | Spider:4 | Slain by a wolf spider

Illustrated notes

Levels and vault maps discovered:
D:1:      psy_arrival_dodecagon, layout_loops_corners
D:2:      minmay_spotlight, layout_loops_ring, uniq_terence
D:3:      layout_loops_cross, mainiacjoe_overflow_catwalk,
          nicolae_overflow_hallway_of_the_gods, serial_shops, shop
D:4:      layout_rooms, amcnicky_mini_rare_corridor_liquid, uniq_natasha
D:5:      layout_rooms, temple_hall, mainiacjoe_ossuary_entry_dusty_tomb
D:6:      layout_basic, serial_rivers, chequers_serial_rivers_room_b,
          chequers_serial_rivers_room_b, chequers_serial_rivers_marsh,
          chequers_serial_rivers_small_a, uniq_menkaure
D:7:      layout_loops_cross, serial_shops, nicolae_shop_crystal, uniq_pikel,
          uniq_joseph
D:8:      layout_basic, nicolae_overflow_hallway_of_the_gods, uniq_maurice,
          uniq_jeremiah
D:9:      layout_rooms, grunt_dithmenos_shadows, minmay_lair_entry_grove,
          minmay_shop_damaged, grunt_decor_fettered,
          hangedman_abyss_or_decor_clamps, kennysheep_opposing_triangles
D:10:     layout_roguey, erik_orc_4, uniq_fannar, uniq_josephine
D:11:     minmay_s_stair_smasher, layout_loops_corners, minivault_19
D:12:     layout_grid_maze, serial_shops, shop
D:13:     layout_loops_ring, ximxim_vaults_locker_room
D:14:     layout_long_grid
D:15:     hangedman_depths_entry_try_elsewhere_first, layout_stronghold,
          fiery_altar_vehumet, dreamdust_princess_bridge
Lair:1:   layout_cellular_growth
Lair:2:   layout_gridlike, serial_bayou_shore_b, wad_woods_river_01,
          infiniplex_staircase_pool
Lair:3:   layout_concentric_octagons, minmay_swamp_entry_reptiles,
          hellmonk_spider_entry_life_and_decay, chequers_serial_rivers_micro_a,
          worms_lemuel, serial_bayou_shore_a
Lair:4:   layout_cave_pods, slime_entry_1, uniq_rupert
Lair:5:   evilmike_catoblepas_cave, layout_regular_city, gammafunk_ghost_arena,
          wad_woods_road_05
Swamp:1:  layout_basic_swamp, nicolae_swamp_round_clearing,
          infiniplex_staircase_pool_2
Swamp:2:  layout_falls_marsh, evilmike_swamp_ruin_house_4
Swamp:3:  layout_basic_swamp, evilmike_swamp_ruin_house_3, swamp_pool_1_2,
          nicolae_swamp_tree_isthmus, uniq_aizul, uniq_kirke
Swamp:4:  byrel_swamp_growth_death_and_undeath, layout_basic_swamp,
          swamp_pool_1_2, nicolae_swamp_little_tower, hangedman_swamp_pad,
          uniq_nikola, uniq_mlioglotl
Spider:1: layout_spider_delve
Spider:2: layout_cave_pods, uniq_donald
Spider:3: layout_chambers, nicolae_arachne_temple, uniq_bai_suzhen, uniq_agnes,
          uniq_arachne
Spider:4: floodkiller_spider_rune_tomb, nicolae_spider_not_touching_you
Orc:1:    dreamdust_dug_too_deep, layout_diamond_mine, basic_altar,
          nicolae_orc_lava_room, uniq_harold
Orc:2:    st_orc_ogre_mass, layout_caves, serial_shops, shop_statue,
          gammafunk_ghost_fury_of_okawaru, uniq_sonja

Skill      XL: |  1  2  3  4  5  6  7  8  9 10 11 12 13 14 15 16 17 18 |
---------------+-------------------------------------------------------+-----
Earth Magic    | 2 3 4 5 6 8 9 10 11 12 | 12.0
Spellcasting   | 2 3 5 6 7 10 12 13 14 | 14.7
Stealth        | 1 |  1.0
Fighting       | 1 2 3 4 5 6 7 10 12 | 12.4
Conjurations   | 1 2 4 5 |  5.0
Invocations    | 3 6 8 10 12 | 12.3
Dodging        | 5 6 9 10 | 10.0
Necromancy     | 10 12 14 | 14.7
Long Blades    | 3 8 10 | 10.4
Ice Magic      | 1 3 |  3.8
Throwing       | |  1.5
Armour         | |  1.0

Action                     |  1- 3 |  4- 6 |  7- 9 | 10-12 | 13-15 | 16-18 || total
---------------------------+-------+-------+-------+-------+-------+-------++-------
  Melee: Dagger            |    35 |       |       |       |       |       ||    35
         Punch             |     1 |     1 |     4 |     5 |     8 |     3 ||    22
         Flail             |       |   133 |   153 |       |       |       ||   286
         Scimitar          |       |       |    80 |   188 |   808 |   425 ||  1501
         Staff             |       |       |       |       |       |     9 ||     9
  Throw: Dart              |     1 |     4 |       |     7 |       |       ||    12
   Cast: Sandblast         |    74 |    61 |    33 |    13 |       |       ||   181
         Stone Arrow       |       |       |    44 |   313 |   269 |    92 ||   718
         Lee's Rapid Decon |       |       |       |     7 |    33 |     1 ||    41
         Borgnjor's Vile C |       |       |       |       |    94 |   154 ||   248
         Animate Dead      |       |       |       |       |     2 |    20 ||    22
         Death Channel     |       |       |       |       |       |    23 ||    23
 Invoke: Draw Destruction  |       |       |     7 |    19 |    11 |    30 ||    67
         Draw Summoning    |       |       |       |     3 |     6 |     8 ||    17
         Draw Escape       |       |       |       |     1 |       |       ||     1
         Triple Draw       |       |       |       |       |     1 |     2 ||     3
         Deal Four         |       |       |       |       |       |     4 ||     4
  Evoke: Wand              |       |       |       |     2 |     1 |     2 ||     5
    Use: Scroll            |     3 |     4 |     5 |     5 |    10 |     8 ||    35
   Stab: Sleeping          |       |     1 |       |       |     3 |       ||     4
         Distracted        |       |       |       |       |     4 |     5 ||     9
 Armour: Leather armour    |    47 |    80 |   168 |   256 |   633 |   631 ||  1815
  Dodge: Dodged            |    51 |   163 |   349 |   417 |  1293 |   855 ||  3128

Table legend: (Time is in decaauts)
 A = Elapsed time spent in this place.
 B = Non-inter-level travel time spent in this place.
 C = Inter-level travel time spent in this place.
 D = Time resting spent in this place.
 E = Time spent auto-exploring this place.
 F = Levels seen in this place.
 G = Mean time per level.
                   A        B        C        D        E       F      G
               +--------+--------+--------+--------+--------+-----+--------+
         Total |  40676 |  38603 |   2073 |  12089 |  16267 |  31 | 1312.1 |
       Dungeon |  20897 |  19750 |   1147 |   6495 |   9184 |  15 | 1393.1 |
          Lair |   9011 |   8492 |    519 |   2970 |   3522 |   5 | 1802.2 |
         Swamp |   5337 |   5155 |    182 |   1959 |   1411 |   4 | 1334.2 |
   Spider Nest |   3654 |   3468 |    186 |    377 |   1551 |   4 |  913.5 |
  Orcish Mines |   1216 |   1179 |     37 |    266 |    483 |   2 |  608.0 |
       Ossuary |    559 |    559 |      0 |     22 |    116 |   1 |  559.0 |
               +--------+--------+--------+--------+--------+-----+--------+

Top non-repeatable levels by time:
 Swamp:4: 3227 daAuts
  Lair:3: 2842 daAuts
     D:8: 2376 daAuts
    D:11: 2208 daAuts
    D:10: 2085 daAuts
  Lair:5: 2030 daAuts
Spider:3: 1882 daAuts
    D:13: 1760 daAuts
     D:9: 1601 daAuts
  Lair:1: 1566 daAuts
     D:1: 1475 daAuts
    D:12: 1439 daAuts
  Lair:2: 1354 daAuts
     D:6: 1303 daAuts
  Lair:4: 1216 daAuts
